cohdb
Replays
Latest Replays
All Replays
Popular Replays
Top Player Replays
Match Explorer
How It Works
Community
CoH3 Stats
Reddit
Sign in to upload your games and track your stats! →
Sign in with Steam
Match 46932916
Unlisted
Match 46932916
Overview
Messages
Build Orders
End
Construct Section Command Post
Vickers Machine Gun Team
Dingo Light Scout Car
Infantry Section
Infantry Section
Construct Platoon Command Post
Vickers Machine Gun Team
Humber Armored Car
Construct Field Infirmary
Selects Air and Sea Battlegroup
Selects Commando Section Paradrop
Selects M1 Pack Howitzer Paradrop
6-pounder Anti-tank Gun Team
Selects Supply Surplus
Construct Resource Cache
Construct Resource Cache
Selects UNKNOWN (223837)
Construct Company Command Post
M1 Pack Howitzer Paradrop
Unlock M3 Grant Medium Tanks
Commando Section Paradrop
M3 Grant Medium Tank
CHMA | semouryhit2
A_Smoove
SirCinnamonBuns
Grouchy_Goblin
北冥帝君
191754466
你的血.....呵呵
啷
0
0
Comments
sign in to comment!
No comments posted yet!